Map: Blueshift LE

Players

Yocto - Winner!

  • Race: Zerg Zerg
  • Spawn Location: 1:00

Колобок

  • Race: Zerg Zerg
  • Spawn Location: 7:00

VOD

Have the link to the VOD?

Description

Time

  • Played on: Dec. 16, 2018, 10:31 a.m.
  • Length: 9:06
Show
View Real Time Build Order
Export as new Build Order

Yocto Zerg - Winner!

Build Orders: Hatch First 

Get SALT Encoding   

  12  0:01  Drone  
  13  0:15  Overlord  
  13  0:18  Drone  
  14  0:38  Drone x3  
  17  0:56  Hatchery  
  16  0:59  Drone  
  16  1:02  Extractor  
  16  1:03  Drone  
  17  1:17  Spawning Pool  
  16  1:21  Drone  
  16  1:23  Drone  
  19  1:32  Drone  
  19  1:43  Overlord  
  19  2:00  Drone  
  20  2:03  Queen  
  22  2:08  Queen  
  22  2:13  Drone x2  
  26  2:18  Drone  
  26  2:21  Drone  
  26  2:22  Metabolic Boost  
  28  2:31  Drone x2  
  30  2:42  Zergling x4  
  32  2:46  Lair  
  32  2:50  Queen  
  34  2:57  Drone x2  
  36  3:03  Overlord  
  36  3:12  Spine Crawler  
  35  3:21  Zergling x6  
  37  3:34  Zergling x4  
  37  3:36  Queen  
  39  3:48  Extractor, Drone x3  
  42  3:50  Overlord x2  
  41  4:02  Overlord  
  41  4:08  Spire, Drone  
  41  4:09  Drone  
  42  4:24  Extractor x2, Drone x2  
  41  4:25  Drone x3  
  41  4:28  Drone x5  
  50  4:36  Evolution Chamber  
  49  4:45  Evolution Chamber  
  49  4:48  Drone x5  
  49  4:49  Drone  
  54  4:55  Drone x2  
  56  5:21  Overlord x2, Baneling Nest  
  56  5:23  Drone  
  56  5:28  Mutalisk x4  
  56  5:29  Mutalisk  
  66  5:42  Mutalisk x2  
  66  5:44  Hatchery  
  66  5:49  Queen  
  69  5:53  Mutalisk  
  70  6:05  Mutalisk x2  
  70  6:08  Zergling x6  
  70  6:09  Zergling x2  
  78  6:21  Overlord x3  
  78  6:24  Zerg Melee Weapons Level 1  
  78  6:31  Overlord x2  
  78  6:48  Mutalisk  
  78  6:49  Mutalisk x2  
  78  6:52  Zergling x2  
  78  6:53  Zergling x12  
  91  7:00  Queen  
  93  7:02  Mutalisk x2  
  93  7:05  Zergling x2  
  98  7:13  Drone x3  
  101  7:20  Drone x3  
  104  7:31  Drone x2  
  104  7:32  Drone x5  
  111  7:46  Zergling x4  
  111  7:47  Zergling x4  
  115  7:55  Extractor  
  115  7:56  Extractor  
  108  8:04  Zergling x8  
  108  8:05  Zergling x10  
  107  8:17  Zergling x10  
  111  8:20  Zergling x2  
  111  8:21  Zergling x2  
  111  8:29  Zergling x8  
  111  8:34  Zergling x2  
  111  8:39  Mutalisk  
  111  8:40  Mutalisk  
Show
View Real Time Build Order
Export as new Build Order

Колобок Zerg 

Build Orders: Hatch First 

Get SALT Encoding   

  12  0:01  Drone  
  13  0:08  Drone  
  14  0:37  Hatchery  
  14  0:38  Drone  
  14  0:55  Spawning Pool  
  14  0:56  Drone  
  14  1:03  Overlord  
  14  1:16  Extractor, Drone  
  14  1:20  Overlord  
  14  1:24  Drone  
  15  1:36  Drone  
  16  1:42  Drone  
  16  1:44  Queen  
  19  1:51  Drone  
  20  1:58  Queen  
  22  2:01  Drone  
  22  2:05  Drone  
  24  2:09  Zergling x2  
  24  2:12  Zergling x2  
  26  2:16  Zergling x2  
  26  2:22  Metabolic Boost  
  27  2:27  Zergling x2  
  27  2:29  Zergling x2  
  29  2:35  Drone  
  29  2:36  Drone  
  31  2:43  Overlord  
  31  3:02  Drone x4  
  31  3:03  Drone  
  36  3:11  Roach Warren  
  35  3:14  Drone x3  
  33  3:43  Drone x5  
  33  3:44  Drone x4  
  43  3:55  Drone  
  43  3:56  Evolution Chamber x2  
  43  3:57  Queen  
  43  4:02  Overlord  
  43  4:05  Overlord  
  43  4:11  Extractor  
  43  4:13  Extractor  
  43  4:16  Roach  
  43  4:20  Overlord  
  43  4:23  Zerg Missile Weapons Level 1  
  43  4:24  Zerg Ground Armor Level 1  
  43  4:26  Roach  
  43  4:27  Roach  
  43  4:28  Roach  
  49  4:34  Drone x2  
  51  4:40  Drone x2  
  53  4:46  Roach  
  53  4:47  Roach  
  53  4:51  Drone  
  58  4:53  Overlord  
  58  4:58  Roach  
  60  5:01  Overlord  
  60  5:03  Overlord  
  60  5:15  Ravager  
  60  5:17  Ravager  
  62  5:23  Hatchery  
  61  5:29  Drone  
  61  5:31  Drone x4  
  61  5:34  Extractor  
  61  5:35  Pneumatized Carapace  
  65  5:40  Drone x2  
  65  5:41  Drone x5  
  72  5:51  Roach x4  
  80  6:08  Hatchery  
  80  6:09  Ravager  
  80  6:10  Ravager  
  81  6:13  Zergling x6  
  84  6:33  Lair  
  84  6:45  Zerg Melee Weapons Level 1  
  84  6:47  Overlord x3  
  84  6:51  Extractor  
  84  6:53  Extractor  
  82  6:59  Zergling x4  
  84  7:01  Overlord  
  84  7:02  Overlord x2, Hatchery  
  83  7:11  Roach x7, Hatchery  
  83  7:12  Roach x2  
  100  7:21  Queen  
  102  7:26  Drone x3  
  105  7:32  Overseer  
  105  7:34  Queen  
  107  7:50  Drone x3  
  110  7:52  Drone  
  110  7:53  Drone x2  
  100  8:11  Spore Crawler  
  100  8:12  Spore Crawler x2  
  93  8:13  Spore Crawler x2  
  93  8:19  Spore Crawler x4  
  86  8:21  Spore Crawler, Drone x5  
  72  8:36  Drone x5  
  72  8:37  Drone  
  62  8:42  Spore Crawler  
  62  8:44  Spore Crawler  
  62  8:46  Spore Crawler  
  54  8:52  Drone x3  
  54  8:54  Drone  
Tags
 
Matchup
ZvZ
Race
Zerg
Replay Pack
Yocto
Spawn Locations
Cross Positions
Add a new tag
Caveats
  • Supply blocks, unpowered buildings, or Contaminate may cause inaccurate times.
  • Supply counts are checked every 10 seconds.